Workbook

Sheet GENERAL
A1: Annex 1.
A2: Reporting period | E2: 42736 | G2: to | H2: 43100
A4: Quarterly financial report TFI-POD
A6: Tax number (MB): | C6: 3474771
A8: Company registration number (MBS): | C8: 040020883
A10: Personal identification number (OIB): | C10: 36201212847
A12: Issuing company: | C12: Valamar Riviera d.d.
A14: Postal code and place | C14: 52440 | F14: Poreč
A16: Street and house number: | C16: Stancija Kaligari 1
A18: E-mail address: | C18: uprava@riviera.hr
A20: Internet address | C20: www.valamar-riviera.com
A22: Municipality/city code and name | C22: 348 | D22: Poreč
A24: County code and name | C24: 18 | D24: Istarska | H24: Number of employees: | I24: 2565
H25: (period end)
A26: Consolidated report: | C26: NO | G26: NKD code: | I26: 5510
A28: Companies of the consolidation subject (according to IFRS): | F28: Seat: | H28: MB:
A44: Bookkeeping service:
A46: Contact person: | C46: Sopta Anka
C47: (only surname and name)
A48: Telephone: | C48: 052 408 188 | G48: Telefaks: | H48: 052 408 110
A50: E-mail address: | C50: anka.sopta@riviera.hr
A52: Family name and name: | C52: Kukurin Željko, Čižmek Marko
C53: (person authorized to represent the company)
B55: Documents disclosed:
B56: 1. Financial statements (Balance Sheet, Income Statement, Cash Flow Statement, Statement of Changes in Equity
B57: and notes to financial statements);
B58: 2. Management Interim Report;
B59: 3. Declaration of the persons responsible for preparing the issuer's statements.
E62: L.S. | G62: (signature of the person authorized to represent the company)

Sheet Balance sheet
A1: Balance Sheet
A2: as of 31.12.2017.
A3: Company: Valamar Riviera d.d.
A4: Position | B4: AOP | C4: Previous period | D4: Current period
A5: 1 | B5: 2 | C5: 3 | D5: 4
A6: ASSETS
A7: A) RECEIVABELS FOR SUBSCRIBED NOT PAID CAPITAL | B7: 1
A8: B) NON-CURRENT ASSETS (003+010+020+029+033) | B8: 2 | C8: =C9+C16+C26+C35+C39 -> 3806830512 | D8: =D9+D16+D26+D35+D39 -> 4321068373
A9: I. INTANGIBLE ASSETS (004 to 009) | B9: 3 | C9: =SUM(C10:C15) -> 17342793 | D9: =SUM(D10:D15) -> 44533715
A10: 1. Expenditure for development | B10: 4
A11: 2. Concessions, patents, licenses, trademarks, service marks, software and other rights | B11: 5 | C11: 17068321 | D11: 37646206
A12: 3. Goodwill | B12: 6 | D12: 6567609
A13: 4. Advances for purchase of intangible assets | B13: 7
A14: 5. Intangible assets in progress | B14: 8 | C14: 274472 | D14: 319900
A15: 6. Other intangible assets | B15: 9
A16: II. PROPERTY, PLANT AND EQUIPMENT (011 to 019) | B16: 10 | C16: =SUM(C17:C25) -> 2906793288 | D16: =SUM(D17:D25) -> 3697439264
A17: 1. Land | B17: 11 | C17: 595574908 | D17: 633926337
A18: 2. Buildings | B18: 12 | C18: 1805980339 | D18: 2416617894
A19: 3. Plant and equipement | B19: 13 | C19: 207011662 | D19: 345844344
A20: 4. Tools, working inventory and transportation assets | B20: 14 | C20: 62668696 | D20: 89672494
A21: 5. Biological assets | B21: 15
A22: 6. Advances for purchase of tangible assets | B22: 16 | C22: 29697670 | D22: 23166558
A23: 7. Tangible assets in progress | B23: 17 | C23: 167870168 | D23: 137209673
A24: 8. Other tangible assets | B24: 18 | C24: 27121603 | D24: 40747606
A25: 9. Investment in real-estate | B25: 19 | C25: 10868242 | D25: 10254358
A26: III. NON-CURRENT FINANCIAL ASSETS (021 to 028) | B26: 20 | C26: =SUM(C27:C34) -> 675525760 | D26: =SUM(D27:D34) -> 456347314
A27: 1. Share in related parties | B27: 21 | C27: 670319700 | D27: 452395427
A28: 2. Loans to related parties | B28: 22
A29: 3. Participating interests (shares) | B29: 23 | C29: 140000 | D29: 140000
A30: 4. Loans to companies with participating interest | B30: 24
A31: 5. Investments in securities | B31: 25 | C31: 4766325 | D31: 3620830
A32: 6. Loans, deposits, etc. | B32: 26 | C32: 299735 | D32: 191057
A33: 7. Other non-current financial assets | B33: 27
A34: 8. Equity-accounted investments | B34: 28
A35: IV. RECEIVABLES (030 to 032) | B35: 29 | C35: =SUM(C36:C38) -> 113553484 | D35: =SUM(D36:D38) -> 188176
A36: 1. Receivables from related parties | B36: 30 | C36: 113247689
A37: 2. Receivables arising from sales on credit | B37: 31
A38: 3. Other receivables | B38: 32 | C38: =76573+229222 -> 305795 | D38: 188176
A39: V. DEFERRED TAX ASSET | B39: 33 | C39: 93615187 | D39: 122559904
A40: C) CURRENT ASSETS (035+043+050+058) | B40: 34 | C40: =C41+C49+C56+C64 -> 319356014 | D40: =D41+D49+D56+D64 -> 291552583
A41: I. INVENTORIES (036 to 042) | B41: 35 | C41: =SUM(C42:C48) -> 18253553 | D41: =SUM(D42:D48) -> 23913513
A42: 1. Raw materials and supplies | B42: 36 | C42: 18026040 | D42: 23767779
A43: 2. Production in progress | B43: 37
A44: 3. Finished products | B44: 38
A45: 4. Merchandise | B45: 39 | C45: 227513 | D45: 145734
A46: 5. Advances for inventories | B46: 40
A47: 6. Long term assets held for sale | B47: 41
A48: 7. Biological assets | B48: 42
A49: II. RECEIVABLES (044 to 049) | B49: 43 | C49: =SUM(C50:C55) -> 62728000 | D49: =SUM(D50:D55) -> 29405487
A50: 1. Receivables from related parties | B50: 44 | C50: 25253754 | D50: 3392515
A51: 2. Receivables from end-customers | B51: 45 | C51: 16702108 | D51: 12221884
A52: 3. Receivables from participating parties | B52: 46
A53: 4. Receivables from employees and members of the company | B53: 47 | C53: 649460 | D53: 1171905
A54: 5. Receivables from government and other institutions | B54: 48 | C54: 18294802 | D54: 10812531
A55: 6. Other receivables | B55: 49 | C55: 1827876 | D55: 1806652
A56: III. CURRENT FINANCIAL ASSETS (051 to 057) | B56: 50 | C56: =SUM(C57:C63) -> 726764 | D56: =D57+D58+D59+D60+D61+D62+D63 -> 832773
A57: 1. Share in related parties | B57: 51
A58: 2. Loans to related parties | B58: 52 | C58: 23800 | D58: 25800
A59: 3. Participating interests (shares) | B59: 53
A60: 4. Loans to companies with participating interest | B60: 54
A61: 5. Investments in securities | B61: 55
A62: 6. Loans, deposits, etc. | B62: 56 | C62: 702964 | D62: 702891
A63: 7. Other financial assets | B63: 57 | D63: 104082
A64: IV. CASH AND CASH EQUIVALENTS | B64: 58 | C64: 237647697 | D64: 237400810
A65: D) PREPAYMENTS AND ACCRUED INCOME | B65: 59 | C65: 21820614 | D65: 19416287
A66: E) TOTAL ASSETS (001+002+034+059) | B66: 60 | C66: =C7+C8+C40+C65 -> 4148007140 | D66: =D7+D8+D40+D65 -> 4632037243
A67: F) OFF BALANCE SHEET ITEMS | B67: 61 | C67: 54631638 | D67: 54545066
A68: EQUITY AND LIABILITIES
A69: A) ISSUED CAPITAL AND RESERVES (063+064+065+071+072+075+078) | B69: 62 | C69: =C70+C71+C72+C78+C79+C82+C85 -> 2324082480 | D69: =D70+D71+D72+D78+D79+D82+D85 -> 2395468296
A70: I. SUBSCRIBED SHARE CAPITAL | B70: 63 | C70: 1672021210 | D70: 1672021210
A71: II. CAPITAL RESERVES | B71: 64 | C71: 2204690 | D71: 3602906
A72: III.RESERVES FROM PROFIT (066+067-068+069+070) | B72: 65 | C72: =C73+C74-C75+C76+C77 -> 84401862 | D72: =D73+D74-D75+D76+D77 -> 102055847
A73: 1. Legal reserves | B73: 66 | C73: 67198750 | D73: 83601061
A74: 2. Reserve for own shares | B74: 67 | C74: 44815284 | D74: 44815284
A75: 3. Treasury shares and shares (deductible items) | B75: 68 | C75: 37141295 | D75: 35889621
A76: 4. Statutory reserves | B76: 69
A77: 5. Other reserves | B77: 70 | C77: 9529123 | D77: 9529123
A78: IV. REVALUATION RESERVES | B78: 71 | C78: 273313 | D78: 634097
A79: V. RETAINED EARNINGS OR LOSS CARRIED FORWARD (073-074) | B79: 72 | C79: =C80-C81 -> 228523684 | D79: =D80-D81 -> 385175162
A80: 1. Retained earnings | B80: 73 | C80: 228523684 | D80: 385175162
A81: 2. Loss carried forward | B81: 74
A82: VI. NET PROFIT OR LOSS FOR THE PERIOD (076-077) | B82: 75 | C82: =C83-C84 -> 336657721 | D82: =D83-D84 -> 231979074
A83: 1. Net profit for the period | B83: 76 | C83: 336657721 | D83: 231979074
A84: 2. Net loss for the period | B84: 77
A85: VII. MINORITY INTEREST | B85: 78
A86: B) PROVISIONS (080 to 082) | B86: 79 | C86: =SUM(C87:C89) -> 26578807 | D86: =SUM(D87:D89) -> 31597492
A87: 1. Provisions for pensions, severance pay and similar libabilities | B87: 80 | D87: 4665359
A88: 2. Provisions for tax liabilities | B88: 81
A89: 3. Other provisions | B89: 82 | C89: 26578807 | D89: 26932133
A90: C) NON-CURRENT LIABILITIES (084 to 092) | B90: 83 | C90: =SUM(C91:C99) -> 1351548203 | D90: =SUM(D91:D99) -> 1739431226
A91: 1. Liabilites to related parties | B91: 84
A92: 2. Liabilities for loans, deposits, etc. | B92: 85
A93: 3. Liabilities to banks and other financial institutions | B93: 86 | C93: 1332585946 | D93: 1721763614
A94: 4. Liabilities for advances | B94: 87
A95: 5. Trade payables | B95: 88
A96: 6. Commitments on securities | B96: 89
A97: 7. Liabilities to companies with participating interest | B97: 90
A98: 8. Other non-current liabilities | B98: 91 | C98: 2044339 | D98: 1585824
A99: 9. Deferred tax liabilities | B99: 92 | C99: 16917918 | D99: 16081788
A100: D) CURRENT LIABILITIES (094 to 105) | B100: 93 | C100: =SUM(C101:C112) -> 361331313 | D100: =SUM(D101:D112) -> 369130888
...

Sheet PL
A1: Income statement
A2: period 1.1.2017. to 31.12.2017.
A3: Company: Valamar Riviera d.d.
A4: Position | B4: AOP | C4: Previous period | D4: Previous period | E4: Current period | F4: Current period
C5: Cummulative | D5: Quarter | E5: Cummulative | F5: Quarter
A6: 1 | B6: 2 | C6: 3 | D6: 4 | E6: 5 | F6: 6
A7: I. OPERATING INCOME (112 to 113) | B7: 111 | C7: =SUM(C8:C9) -> 1470965788 | D7: =SUM(D8:D9) -> 82564374 | E7: =SUM(E8:E9) -> 1636413207 | F7: =SUM(F8:F9) -> 94113701
A8: 1. Sales revenues | B8: 112 | C8: 1440427303 | D8: 72135117 | E8: 1616664077 | F8: =+E8-1529618051 -> 87046026
A9: 2. Other operating revenues | B9: 113 | C9: =2739517+27798968 -> 30538485 | D9: 10429257 | E9: 19749130 | F9: =+E9-12681455 -> 7067675
A10: II. OPERATING COSTS (115+116+120+124+125+126+129+130) | B10: 114 | C10: =C11+C12+C16+C20+C21+C22+C25+C26 -> 1233233856 | D10: =D11+D12+D16+D20+D21+D22+D25+D26 -> 296069014 | E10: =E11+E12+E16+E20+E21+E22+E25+E26 -> 1396220124 | F10: =F11+F12+F16+F20+F21+F22+F25+F26 -> 315847272
A11: 1. Change in inventories of work in progress | B11: 115
A12: 2. Material expenses (117 to 119) | B12: 116 | C12: =SUM(C13:C15) -> 474135719 | D12: =SUM(D13:D15) -> 96959546 | E12: =SUM(E13:E15) -> 511785310 | F12: =SUM(F13:F15) -> 93141886
A13: a) Costs of raw materials | B13: 117 | C13: 245716305 | D13: 39412456 | E13: 274645200 | F13: =+E13-241602189 -> 33043011
A14: b) Cost of goods sold | B14: 118 | C14: 2417204 | D14: 181289 | E14: 2850429 | F14: =+E14-2749445 -> 100984
A15: c) Other material expenses | B15: 119 | C15: 226002210 | D15: 57365801 | E15: 234289681 | F15: =+E15-174291790 -> 59997891
A16: 3. Employee benefits expenses (121 to 123) | B16: 120 | C16: =SUM(C17:C19) -> 365349927 | D16: =SUM(D17:D19) -> 81735791 | E16: =SUM(E17:E19) -> 443751031 | F16: =SUM(F17:F19) -> 99266955
A17: a) Net salaries | B17: 121 | C17: 219441890 | D17: 40956230 | E17: 269924542 | F17: =+E17-207014411 -> 62910131
A18: b) Tax and contributions from salary expenses | B18: 122 | C18: 93854219 | D18: 26650228 | E18: 111612209 | F18: =+E18-89158734 -> 22453475
A19: c) Contributions on salary | B19: 123 | C19: 52053818 | D19: 14129333 | E19: 62214280 | F19: =+E19-48310931 -> 13903349
A20: 4. Depreciation and amortisation | B20: 124 | C20: 243228097 | D20: 62979843 | E20: 283465960 | F20: =+E20-215613149 -> 67852811
A21: 5. Other expenses | B21: 125 | C21: 126732255 | D21: 38362661 | E21: 133772749 | F21: =+E21-95540566 -> 38232183
A22: 6. Write down of assets (127+128) | B22: 126 | C22: =SUM(C23:C24) -> 690979 | D22: =SUM(D23:D24) -> 419496 | E22: =SUM(E23:E24) -> 112132 | F22: =SUM(F23:F24) -> 42495
A23: a) non-current assets (except financial assets) | B23: 127
A24: b) current assets (except financial assets) | B24: 128 | C24: 690979 | D24: 419496 | E24: 112132 | F24: =+E24-69637 -> 42495
A25: 7. Provisions | B25: 129 | C25: 1854405 | D25: 1854405 | E25: 5086540 | F25: =+E25-0 -> 5086540
A26: 8. Other operating costs | B26: 130 | C26: 21242474 | D26: 13757272 | E26: 18246402 | F26: =+E26-6022000 -> 12224402
A27: III. FINANCIAL INCOME (132 to 136) | B27: 131 | C27: =SUM(C28:C32) -> 88144060 | D27: =SUM(D28:D32) -> 9420273 | E27: =SUM(E28:E32) -> 59584924 | F27: =SUM(F28:F32) -> 3962094
A28: 1. Interest,foreign exchange differences, dividends and similar income from related parties | B28: 132
A29: 2. Interest, foreign exchange differences, dividends and similar income from third parties | B29: 133 | C29: 41052317 | D29: 7789757 | E29: 49056561 | F29: =+E29-45878327 -> 3178234
A30: 3. Income from investments in associates and joint ventures | B30: 134
A31: 4. Unrealised gains (income) from financial assets | B31: 135 | C31: 9107883 | D31: 957141 | E31: 7520020 | F31: =+E31-7098051 -> 421969
A32: 5. Other financial income | B32: 136 | C32: 37983860 | D32: 673375 | E32: 3008343 | F32: =+E32-2646452 -> 361891
A33: IV. FINANCIAL EXPENSES (138 to 141) | B33: 137 | C33: =SUM(C34:C37) -> 60817483 | D33: =SUM(D34:D37) -> 21113772 | E33: =SUM(E34:E37) -> 82068385 | F33: =SUM(F34:F37) -> 14668555
A34: 1. Interest, foreign exchange differences, dividends and similar income from related parties | B34: 138
A35: 2. Interest, foreign exchange differences, dividends and similar income from third parties | B35: 139 | C35: 49480811 | D35: 19568871 | E35: 68345330 | F35: =+E35-55051192 -> 13294138
A36: 3. Unrealised losses (expenses) from financial assets | B36: 140 | C36: 8256519 | D36: 962763 | E36: 6761354 | F36: =+E36-5990954 -> 770400
A37: 4. Other financial expenses | B37: 141 | C37: 3080153 | D37: 582138 | E37: 6961701 | F37: =+E37-6357684 -> 604017
A38: V. SHARE OF PROFIT FROM ASSOCIATED COMPANIES | B38: 142
A39: VI. SHARE OF LOSS FROM ASSOCIATED COMPANIES | B39: 143
A40: VII. EXTRAORDINARY - OTHER INCOME | B40: 144
A41: VIII. EXTRAORDINARY - OTHER EXPENSES | B41: 145
A42: IX. TOTAL INCOME (111+131+142+144) | B42: 146 | C42: =C7+C27+C38+C40 -> 1559109848 | D42: =D7+D27+D38+D40 -> 91984647 | E42: =E7+E27+E38+E40 -> 1695998131 | F42: =F7+F27+F38+F40 -> 98075795
A43: X. TOTAL EXPENSES (114+137+143+145) | B43: 147 | C43: =C10+C33+C39+C41 -> 1294051339 | D43: =D10+D33+D39+D41 -> 317182786 | E43: =E10+E33+E39+E41 -> 1478288509 | F43: =F10+F33+F39+F41 -> 330515827
A44: XI. PROFIT OR LOSS BEFORE TAXES (146-147) | B44: 148 | C44: =C42-C43 -> 265058509 | D44: =D42-D43 -> -225198139 | E44: =E42-E43 -> 217709622 | F44: =F42-F43 -> -232440032
A45: 1. Profit before taxes (146-147) | B45: 149 | C45: =IF(C42>C43,C42-C43,0) -> 265058509 | D45: =IF(D42>D43,D42-D43,0) -> 0 | E45: =IF(E42>E43,E42-E43,0) -> 217709622 | F45: =IF(F42>F43,F42-F43,0) -> 0
A46: 2. Loss before taxes (147-146) | B46: 150 | C46: =IF(C43>C42,C43-C42,0) -> 0 | D46: =IF(D43>D42,D43-D42,0) -> 225198139 | E46: =IF(E43>E42,E43-E42,0) -> 0 | F46: =IF(F43>F42,F43-F42,0) -> 232440032
A47: XII. TAXATION | B47: 151 | C47: -71599212 | D47: -71599212 | E47: -14269452
A48: XIII. PROFIT OR LOSS FOR THE PERIOD (148-151) | B48: 152 | C48: =C44-C47 -> 336657721 | D48: =D44-D47 -> -153598927 | E48: =E44-E47 -> 231979074 | F48: =F44-F47 -> -232440032
A49: 1. Profit for the period (149-151) | B49: 153 | C49: =IF(C48>0,C48,0) -> 336657721 | D49: =IF(D48>0,D48,0) -> 0 | E49: =IF(E48>0,E48,0) -> 231979074 | F49: =IF(F48>0,F48,0) -> 0
A50: 2. Loss for the period (151-148) | B50: 154 | C50: =IF(C48<0,-C48,0) -> 0 | D50: =IF(D48<0,-D48,0) -> 153598927 | E50: =IF(E48<0,-E48,0) -> 0 | F50: =IF(F48<0,-F48,0) -> 232440032
A51: ADDITION TO PROFIT AND LOSS ACCOUNT (only for consolidated financial statements)
A52: XIV. PROFIT OR LOSS FOR THE PERIOD
A53: 1. Attributable to majority owners | B53: 155 | C53: =+C48 -> 336657721 | D53: =+D48 -> -153598927 | E53: =+E48 -> 231979074 | F53: =+F48 -> -232440032
A54: 2. Attributable to minority interest | B54: 156
A55: STATEMENT OF OTHER COMPREHENSIVE INCOME (only for IFRS adopters)
A56: I. PROFIT OR LOSS FOR THE PERIOD (=152) | B56: 157 | C56: =C48 -> 336657721 | D56: =D48 -> -153598927 | E56: =E48 -> 231979074 | F56: =F48 -> -232440032
A57: II. OTHER COMPREHENSIVE INCOME/LOSS BEFORE TAXES (159 to 165) | B57: 158 | C57: =SUM(C58:C64) -> -34190767 | D57: =SUM(D58:D64) -> -34190767 | E57: =SUM(E58:E64) -> 450979 | F57: =SUM(F58:F64) -> 450979
A58: 1. Exchange differences from international settlement | B58: 159
A59: 2. Changes in revaluation reserves of long-term tangible and intangible assets | B59: 160
A60: 3. Profit or loss from re-evaluation of financial assets held for sale | B60: 161 | C60: -34190767 | D60: -34190767 | E60: 450979 | F60: =+E60 -> 450979
A61: 4. Profit or loss from cash flow hedging | B61: 162
A62: 5. Profit or loss from hedging of foreign investments | B62: 163
A63: 6. Share of other comprehensive income/loss from associatied companies | B63: 164
A64: 7. Actuarial gains/losses from defined benefit plans | B64: 165
A65: III. TAXATION OF OTHER COMPREHENSIVE INCOME FOR THE PERIOD | B65: 166 | C65: -2726295 | D65: -2726295 | E65: 90195 | F65: =+E65 -> 90195
A66: IV. NET OTHER COMPREHENSIVE INCOME FOR THE PERIOD (158 - 166) | B66: 167 | C66: =C57-C65 -> -31464472 | D66: =D57-D65 -> -31464472 | E66: =E57-E65 -> 360784 | F66: =F57-F65 -> 360784
A67: V. COMPREHENSIVE INCOME OR LOSS FOR THE PERIOD (157+167) | B67: 168 | C67: =C56+C66 -> 305193249 | D67: =D56+D66 -> -185063399 | E67: =E56+E66 -> 232339858 | F67: =F56+F66 -> -232079248
A68: ADDITION TO STATEMENT OF OTHER COMPREHENSIVE INCOME (only for consolidated financial statements)
A69: VI. COMPREHENSIVE INCOME OR LOSS FOR THE PERIOD
A70: 1. Attributable to majority owners | B70: 169
A71: 2. Attributable to minority interest | B71: 170

Sheet Cash flow
A1: Cash flow statement - indirect method
A2: period 1.1.2017. to 31.12.2017.
A3: Company: Valamar Riviera d.d.
A4: Position | B4: AOP | C4: Previous period | D4: Current period
A5: 1 | B5: 2 | C5: 3 | D5: 4
A6: CASH FLOWS FROM OPERATING ACTIVITIES
A7: 1. Profit before tax | B7: 1 | C7: 265058509 | D7: 217709622
A8: 2. Depreciation and amortisation | B8: 2 | C8: 243228097 | D8: 283465961
A9: 3. Increase of current liabilities | B9: 3 | C9: 46934088
A10: 4. Decrease of current receivables | B10: 4 | C10: 14593148 | D10: 33893766
A11: 5.Decrease of inventories | B11: 5
A12: 6. Other cash flow increases | B12: 6 | C12: 25127818 | D12: 116655407
A13: I. Total increase of cash flow from operating activities | B13: 7 | C13: =SUM(C7:C12) -> 594941660 | D13: =SUM(D7:D12) -> 651724756
A14: 1. Decrease of current liabilities | B14: 8 | D14: 18210357
A15: 2. Increase of current receivables | B15: 9
A16: 3. Increase of inventories | B16: 10 | C16: 8492350 | D16: 5659961
A17: 4. Other cash flow decreases | B17: 11 | C17: 6570060
A18: II. Total decrease of cash flow from operating activities | B18: 12 | C18: =SUM(C14:C17) -> 15062410 | D18: =SUM(D14:D17) -> 23870318
A19: A1) NET INCREASE OF CASH FLOW FROM OPERATING ACTIVITIES | B19: 13 | C19: =IF(C13>C18,C13-C18,0) -> 579879250 | D19: =IF(D13>D18,D13-D18,0) -> 627854438
A20: A2) NET DECREASE OF CASH FLOW FROM OPERATING ACTIVITIES | B20: 14 | C20: =IF(C18>C13,C18-C13,0) -> 0 | D20: =IF(D18>D13,D18-D13,0) -> 0
A21: CASH FLOW FROM INVESTING ACTIVITIES
A22: 1. Proceeds from sale of non-current assets | B22: 15
A23: 2. Proceeds from sale of non-current financial assets | B23: 16 | D23: 217924273
A24: 3. Interest received | B24: 17
A25: 4. Dividend received | B25: 18
A26: 5. Other proceeds from investing activities | B26: 19 | C26: 26295898 | D26: 1254172
A27: III. Total cash inflows from investing activities | B27: 20 | C27: =SUM(C22:C26) -> 26295898 | D27: =SUM(D22:D26) -> 219178445
A28: 1. Purchase of non-current assets | B28: 21 | C28: 343698596 | D28: 1101302858
A29: 2. Purchase of non-current financial assets | B29: 22
A30: 3. Other cash outflows from investing activities | B30: 23 | C30: 293121185
A31: IV. Total cash outflows from investing activities | B31: 24 | C31: =SUM(C28:C30) -> 636819781 | D31: =SUM(D28:D30) -> 1101302858
A32: B1) NET INCREASE OF CASH FLOW FROM INVESTING ACTIVITIES | B32: 25 | C32: =IF(C27>C31,C27-C31,0) -> 0 | D32: =IF(D27>D31,D27-D31,0) -> 0
A33: B2) NET DECREASE OF CASH FLOW FROM INVESTING ACTIVITIES | B33: 26 | C33: =IF(C31>C27,C31-C27,0) -> 610523883 | D33: =IF(D31>D27,D31-D27,0) -> 882124413
A34: CASH FLOW FROM FINANCING ACTIVITIES
A35: 1. Proceeds from issue of equity securities and debt securities | B35: 27 | D35: 1640051
A36: 2. Proceeds from loans and borrowings | B36: 28 | C36: 618507365 | D36: 414616346
A37: 3. Other proceeds from financing activities | B37: 29 | D37: 360783
A38: V. Total cash inflows from financing activities | B38: 30 | C38: =SUM(C35:C37) -> 618507365 | D38: =SUM(D35:D37) -> 416617180
A39: 1. Repayment of loans and bonds | B39: 31 | C39: 546673519
A40: 2. Dividends paid | B40: 32 | C40: 38297245
A41: 3. Repayment of finance lease | B41: 33
A42: 4. Purchase of treasury shares | B42: 34 | C42: 36708367 | D42: 98342353
A43: 5. Other cash outflows from financing activities | B43: 35 | C43: 30332984 | D43: 64251739
A44: VI. Total cash outflows from financing activities | B44: 36 | C44: =SUM(C39:C43) -> 652012115 | D44: =SUM(D39:D43) -> 162594092
A45: C1) NET INCREASE OF CASH FLOW FROM FINANCING ACTIVITIES | B45: 37 | C45: =IF(C38>C44,C38-C44,0) -> 0 | D45: =IF(D38>D44,D38-D44,0) -> 254023088
A46: C2) NET DECREASE OF CASH FLOW FROM FINANCING ACTIVITIES | B46: 38 | C46: =IF(C44>C38,C44-C38,0) -> 33504750 | D46: =IF(D44>D38,D44-D38,0) -> 0
A47: Total increases of cash flows | B47: 39 | C47: =IF(C19-C20+C32-C33+C45-C46>0,C19-C20+C32-C33+C45-C46,0) -> 0 | D47: =IF(D19-D20+D32-D33+D45-D46>0,D19-D20+D32-D33+D45-D46,0) -> 0
A48: Total decreases of cash flows | B48: 40 | C48: =IF(C20-C19+C33-C32+C46-C45>0,C20-C19+C33-C32+C46-C45,0) -> 64149383 | D48: =IF(D20-D19+D33-D32+D46-D45>0,D20-D19+D33-D32+D46-D45,0) -> 246887
A49: Cash and cash equivalents at the beginning of period | B49: 41 | C49: 301797080 | D49: 237647697
A50: Increase of cash and cash equivalents | B50: 42 | D50: =+D47 -> 0
A51: Decrease of cash and cash equivalents | B51: 43 | C51: =+C48 -> 64149383 | D51: =+D48 -> 246887
A52: Cash and cash equivalents at the end of period | B52: 44 | C52: =C49+C50-C51 -> 237647697 | D52: =D49+D50-D51 -> 237400810
D55: ='Balance sheet'!D64-'Cash flow'!D52 -> 0

Sheet Equity movement
A1: STATEMENT OF CHANGES IN EQUITY
C2: period | E2: 42736 | F2: to | G2: 43100
A3: Position | I3: AOP | J3: Previous year | K3: Current year
A4: 1 | I4: 2 | J4: 3 | K4: 4
A5: 1. Subscribed share capital | I5: 1 | J5: =+'Balance sheet'!C70 -> 1672021210 | K5: =+'Balance sheet'!D70 -> 1672021210
A6: 2. Capital reserves | I6: 2 | J6: =+'Balance sheet'!C71 -> 2204690 | K6: =+'Balance sheet'!D71 -> 3602906
A7: 3. Reserves from profit | I7: 3 | J7: =+'Balance sheet'!C72 -> 84401862 | K7: =+'Balance sheet'!D72 -> 102055847
A8: 4. Retained earnings or loss carried forward | I8: 4 | J8: =+'Balance sheet'!C79 -> 228523684 | K8: =+'Balance sheet'!D79 -> 385175162
A9: 5. Net profit or loss for the period | I9: 5 | J9: =+'Balance sheet'!C82 -> 336657721 | K9: =+'Balance sheet'!D82 -> 231979074
A10: 6. Revaluation of tangible assets | I10: 6
A11: 7. Revaluation of intangible assets | I11: 7
A12: 8. Revaluation of available for sale assets | I12: 8 | J12: =+'Balance sheet'!C78 -> 273313 | K12: =+'Balance sheet'!D78 -> 634097
A13: 9. Other revaluation | I13: 9
A14: 10. Total equity and reserves (AOP 001 to 009) | I14: 10 | J14: =SUM(J5:J13) -> 2324082480 | K14: =SUM(K5:K13) -> 2395468296
A15: 11. Foreign exchenge differences from foreign investments | I15: 11
A16: 12. Current and deferred taxes | I16: 12
A17: 13. Cash flow hedge | I17: 13
A18: 14. Change of accounting policies | I18: 14
A19: 15. Correction of significant mistakes of prior period | I19: 15
A20: 16. Other changes | I20: 16
A21: 17.Total increase or decrease of equity (AOP 011 to 016) | I21: 17 | J21: =SUM(J15:J20) -> 0 | K21: =SUM(K15:K20) -> 0
A23: 17 a. Attributable to majority owners | I23: 18
A24: 17 b. Attributable to minority interest | I24: 19
